Little Stars vs Condors
Created - March 3, 2024 at 22:46
Goals
|
| Little Stars |
5 |
0 |
2 |
7 |
| Condors |
1 |
1 |
2 |
4 |
|
Shots
|
| Little Stars |
18 |
9 |
12 |
39 |
| Condors |
10 |
23 |
6 |
39 |
|
1st period
1. Little Stars , Jason Dickinson 27 (Matt Luff 26, Collin Miller 1) at 2:51
2. Little Stars , Shane Gersich 18 (Collin Miller 2) at 11:00 (SH)
3. Little Stars , Daniel O'regan 36 (Joakim Nygard 33) at 11:04 (SH)
4. Little Stars , Radel Fazleev 12 (Emile Poirier 14) at 14:44
5. Condors , Jason Robertson 15 (Brett Lernout 20, Philippe Myers 16) at 17:15
6. Little Stars , Joakim Nygard 22 (Ilya Mikheyev 49, Daniel O'regan 57) at 19:35
Penalties :
Collin Miller (Tex) for Roughing (Minor) at 4:42, Kiefer Sherwood (Bak) for Holding (Minor) at 7:41, Lawrence Pilut (Tex) for Tripping (Minor) at 10:24, Brett Lernout (Bak) for Holding Stick (Minor) at 15:06
2nd period
7. Condors , Adam Erne 41 (Nick Shore 63) at 11:36
Penalties :
Joey Anderson (Tex) for Boarding (Minor) at 5:54
3rd period
8. Condors , Patrik Laine 31 (Adam Erne 39, Nick Shore 64) at 3:55 (PP)
9. Condors , Nick Shore 31 (Adam Erne 40, Brett Lernout 21) at 9:32
10. Little Stars , Matt Luff 10 (Jason Dickinson 26, Shane Gersich 21) at 11:00 (PP)
11. Little Stars , Jason Dickinson 28 (Matt Luff 27, Shane Gersich 22) at 17:22
Penalties :
Ilya Mikheyev (Tex) for Tripping (Minor) at 2:06, Kiefer Sherwood (Bak) for Holding (Minor) at 10:06, Filip Kral (Bak) for Roughing (Minor) at 13:39, Jonathan Dahlen (Tex) for Goalie Interference (Minor) at 18:14
Goalie Stats
Michael Houser (Tex), 35 saves from 39 shots - (0.897), W, 24-13-3, 60:00 minutes
Garret Sparks (Bak), 8 saves from 12 shots - (0.667), 14:44 minutes
Stuart Skinner (Bak), 24 saves from 27 shots - (0.889), L, 6-6-4, 45:16 minutes
Players Stats for Little Stars
Player Name G A P +/- PIM S H SB GA TA FO MP PP MP PK MP
------------------------------------------------------------------------------------
Cal Burke 0 0 0 0 0 0 0 0 0 0 0/0 5:41 0:00 0:00
Collin Miller 0 2 2 1 2 0 1 2 1 0 0/0 27:37 3:38 4:15
Connor Mackey 0 0 0 0 0 0 2 0 0 1 0/0 19:52 3:13 3:53
Daniel O'regan 1 1 2 0 0 3 0 1 0 0 19/44 24:18 3:39 5:36
Emile Poirier 0 1 1 1 0 3 2 0 1 1 0/0 11:29 0:07 0:34
Filip Chytil 0 0 0 0 0 1 1 0 0 0 2/3 7:05 0:00 0:43
Ilya Mikheyev 0 1 1 -1 2 6 0 0 1 1 1/2 18:41 3:39 0:00
Jason Dickinson 2 1 3 2 0 5 1 0 0 1 9/15 18:24 3:12 3:05
Joakim Nygard 1 1 2 0 0 1 1 2 2 0 1/1 24:14 3:32 5:40
Joey Anderson 0 0 0 2 2 1 0 0 0 0 0/0 11:07 0:00 0:00
Jonathan Dahlen 0 0 0 0 2 0 0 0 0 0 0/0 5:40 0:00 0:00
Justin Auger 0 0 0 1 0 1 0 0 0 0 0/0 10:06 0:00 0:00
Lawrence Pilut 0 0 0 2 2 1 0 0 0 1 0/0 12:34 0:00 0:44
Matt Luff 1 2 3 1 0 5 2 1 0 0 0/1 15:15 3:12 0:00
Radel Fazleev 1 0 1 1 0 1 0 0 0 0 3/6 10:06 0:00 0:00
Reece Willcox 0 0 0 0 0 1 0 0 0 0 0/0 20:31 3:13 4:32
Shane Gersich 1 2 3 2 0 8 2 0 1 0 0/1 18:43 3:12 3:24
Wiley Sherman 0 0 0 1 0 2 3 1 0 2 0/0 29:01 3:38 5:38
Players Stats for Condors
Player Name G A P +/- PIM S H SB GA TA FO MP PP MP PK MP
------------------------------------------------------------------------------------
Adam Erne 1 2 3 -2 0 5 2 1 3 1 0/0 24:17 5:30 3:04
Alexander Alexeyev 0 0 0 -1 0 0 2 0 1 0 0/0 10:42 0:00 0:42
Alexandre Carrier 0 0 0 1 0 3 0 0 0 1 0/0 21:02 3:26 2:54
Brett Lernout 0 2 2 -2 2 2 4 1 0 0 0/0 27:51 6:05 2:41
C.J. Smith 0 0 0 -1 0 1 0 0 0 0 0/0 6:42 0:00 0:00
Connor Hurley 0 0 0 0 0 2 0 0 0 0 2/4 8:23 0:00 0:00
Filip Kral 0 0 0 -1 2 0 0 0 0 0 0/0 2:20 0:00 0:00
Jason Robertson 1 0 1 0 0 1 1 1 0 0 0/2 18:45 3:56 1:59
Kiefer Sherwood 0 0 0 -1 4 1 1 1 0 1 0/0 16:46 3:56 0:00
Nick Shore 1 2 3 -2 0 6 1 2 0 0 19/36 24:24 5:28 3:18
Nikolai Knyzhov 0 0 0 -1 0 0 0 3 1 0 0/0 10:19 0:00 0:34
Patrik Laine 1 0 1 -2 0 4 3 0 0 1 3/4 21:45 5:28 1:01
Phil McRae 0 0 0 0 0 3 0 0 0 0 12/23 18:45 3:56 1:59
Philippe Myers 0 1 1 1 0 3 1 0 0 0 0/0 21:02 3:26 2:54
Pontus Holmberg 0 0 0 0 0 2 0 0 0 0 0/0 8:35 0:07 0:00
Remi Elie 0 0 0 -1 0 3 1 0 1 0 0/0 8:03 0:05 1:16
Ryan McLeod 0 0 0 -1 0 1 2 1 0 0 1/2 7:59 0:07 1:05
Taro Hirose 0 0 0 0 0 0 0 0 0 0 1/2 8:23 0:00 0:00
Zac Leslie 0 0 0 -2 0 2 2 1 1 2 0/0 27:02 6:05 3:57
3 Stars
1 - Jason Dickinson (Tex)
2 - Shane Gersich (Tex)
3 - Matt Luff (Tex)
Power Play
Little Stars - 1 on 4 Attempt(s) - 25.00%
Condors - 1 on 5 Attempt(s) - 20.00%
Penalty Kill
Little Stars - 4 on 5 Attempt(s) - 80.00%
- Score 2 goal in Penalty Kill
Condors - 3 on 4 Attempt(s) - 75.00%
- Score 0 goal in Penalty Kill
Team Stat
Little Stars - Hits : 15 - Faceoff Wins : 35 - Blocked Shots : 7 - Penalty Minutes : 10
Condors - Hits : 20 - Faceoff Wins : 38 - Blocked Shots : 11 - Penalty Minutes : 8
Official
Referees : Kevin Pollock and TJ Luxmore
Linesman : Travis Gawryletz and Trent Knorr
Game Notes
Stuart Skinner enters game at 14:44 of 1st period
Finance
Level 1 -- Attendance: 1956 (97.80%) -- Ticket Income $136,920
Level 2 -- Attendance: 953 (95.30%) -- Ticket Income $38,120
Total Attendance: 2909 (96.97%)
Total Ticket Income: $175,040
Other Income: $8,752
Total Income: $183,792
Little Stars
5 vs 5 Forward
Center Left Wing Right Wing Time % Phy DF OF
1 Daniel O'regan Joakim Nygard Ilya Mikheyev 40 1 2 2
2 Jason Dickinson Shane Gersich Matt Luff 30 1 2 2
3 Radel Fazleev Emile Poirier Justin Auger 20 1 2 2
4 Filip Chytil Jonathan Dahlen Cal Burke 10 1 2 2
5 vs 5 Defense
Defense Defense Time % Phy DF OF
1 Wiley Sherman Collin Miller 40 1 2 2
2 Reece Willcox Connor Mackey 30 1 2 2
3 Lawrence Pilut Joey Anderson 20 1 2 2
4 Wiley Sherman Collin Miller 10 1 2 2
PowerPlay Forward
Center Left Wing Right Wing Time % Phy DF OF
1 Daniel O'regan Joakim Nygard Ilya Mikheyev 60 1 2 2
2 Jason Dickinson Shane Gersich Matt Luff 40 1 2 2
PowerPlay Defense
Defense Defense Time % Phy DF OF
1 Wiley Sherman Collin Miller 60 1 2 2
2 Reece Willcox Connor Mackey 40 1 2 2
Penalty Kill 4 Players Forward
Center Wing Time % Phy DF OF
1 Daniel O'regan Joakim Nygard 60 1 2 2
2 Jason Dickinson Shane Gersich 40 1 2 2
Penalty Kill 4 Players Defense
Defense Defense Time % Phy DF OF
1 Wiley Sherman Collin Miller 60 1 2 2
2 Reece Willcox Connor Mackey 40 1 2 2
Penalty Kill - 3 Players Forward
Forward Time % Phy DF OF
1 Daniel O'regan 60 1 2 2
2 Jason Dickinson 40 1 2 2
Penalty Kill - 3 Players Defense
Defense Defense Time % Phy DF OF
1 Wiley Sherman Collin Miller 60 1 2 2
2 Reece Willcox Connor Mackey 40 1 2 2
4 vs 4 Forward
Center Wing Time % Phy DF OF
1 Daniel O'regan Joakim Nygard 60 1 2 2
2 Jason Dickinson Shane Gersich 40 1 2 2
4 vs 4 Defense
Defense Defense Time % Phy DF OF
1 Wiley Sherman Collin Miller 60 1 2 2
2 Reece Willcox Connor Mackey 40 1 2 2
Last Minutes Offensive
Center Left Wing Right Wing Defense Defense
Daniel O'regan Joakim Nygard Ilya Mikheyev Wiley Sherman Collin Miller
Last Minutes Defensive
Center Left Wing Right Wing Defense Defense
Daniel O'regan Joakim Nygard Ilya Mikheyev Wiley Sherman Collin Miller
Goaltenders
Starting : Michael Houser
Backup : Danil Tarasov
Extra Forwards
Normal : Shane Gersich, Matt Luff, Emile Poirier - PP : Shane Gersich, Matt Luff - PK : Shane Gersich
Extra Defensemen
Normal : Reece Willcox, Connor Mackey, Lawrence Pilut - PP : Reece Willcox - PK : Reece Willcox, Connor Mackey
Penalty Shots
Ilya Mikheyev, Daniel O'regan, Joakim Nygard, Jason Dickinson, Shane Gersich
Custom OT Lines Forwards
Ilya Mikheyev, Daniel O'regan, Joakim Nygard, Jason Dickinson, Shane Gersich, Matt Luff, Emile Poirier, Justin Auger, Radel Fazleev, Jonathan Dahlen
Custom OT Lines Defensemen
Wiley Sherman, Collin Miller, Reece Willcox, Connor Mackey, Lawrence Pilut
Scratches
Jack McBain (Healthy), Jean-Christophe Beaudin (Healthy), Evan Bouchard (Sprained Right Finger Injury), Rudolfs Balcers (Healthy), Tucker Poolman (Right Leg Injury)
Ville Pokka (Groin Injury), Yakov Trenin (Healthy), Givani Smith (Healthy), Blade Jenkins (Healthy), Bulat Shafigullin (Healthy)
Michael Giugovaz (Healthy)
Condors
5 vs 5 Forward
Center Left Wing Right Wing Time % Phy DF OF
1 Nick Shore Adam Erne Patrik Laine 40 1 2 2
2 Phil McRae Jason Robertson Kiefer Sherwood 30 1 2 2
3 Connor Hurley Taro Hirose Pontus Holmberg 20 1 2 2
4 Ryan McLeod C.J. Smith Remi Elie 10 1 2 2
5 vs 5 Defense
Defense Defense Time % Phy DF OF
1 Brett Lernout Zac Leslie 40 1 2 2
2 Alexandre Carrier Philippe Myers 30 1 2 2
3 Alexander Alexeyev Nikolai Knyzhov 20 1 2 2
4 Filip Kral Brett Lernout 10 1 2 2
PowerPlay Forward
Center Left Wing Right Wing Time % Phy DF OF
1 Nick Shore Adam Erne Patrik Laine 60 1 2 2
2 Phil McRae Jason Robertson Kiefer Sherwood 40 1 2 2
PowerPlay Defense
Defense Defense Time % Phy DF OF
1 Brett Lernout Zac Leslie 60 1 2 2
2 Alexandre Carrier Philippe Myers 40 1 2 2
Penalty Kill 4 Players Forward
Center Wing Time % Phy DF OF
1 Nick Shore Adam Erne 60 1 2 2
2 Phil McRae Jason Robertson 40 1 2 2
Penalty Kill 4 Players Defense
Defense Defense Time % Phy DF OF
1 Brett Lernout Zac Leslie 60 1 2 2
2 Alexandre Carrier Philippe Myers 40 1 2 2
Penalty Kill - 3 Players Forward
Forward Time % Phy DF OF
1 Nick Shore 60 1 2 2
2 Phil McRae 40 1 2 2
Penalty Kill - 3 Players Defense
Defense Defense Time % Phy DF OF
1 Brett Lernout Zac Leslie 60 1 2 2
2 Alexandre Carrier Philippe Myers 40 1 2 2
4 vs 4 Forward
Center Wing Time % Phy DF OF
1 Nick Shore Adam Erne 60 1 2 2
2 Phil McRae Jason Robertson 40 1 2 2
4 vs 4 Defense
Defense Defense Time % Phy DF OF
1 Brett Lernout Zac Leslie 60 1 2 2
2 Alexandre Carrier Philippe Myers 40 1 2 2
Last Minutes Offensive
Center Left Wing Right Wing Defense Defense
Nick Shore Adam Erne Patrik Laine Brett Lernout Zac Leslie
Last Minutes Defensive
Center Left Wing Right Wing Defense Defense
Nick Shore Adam Erne Patrik Laine Brett Lernout Zac Leslie
Goaltenders
Starting : Garret Sparks
Backup : Stuart Skinner
Extra Forwards
Normal : Patrik Laine, Kiefer Sherwood, Taro Hirose - PP : Patrik Laine, Kiefer Sherwood - PK : Patrik Laine
Extra Defensemen
Normal : Alexander Alexeyev, Nikolai Knyzhov, Filip Kral - PP : Alexander Alexeyev - PK : Alexander Alexeyev, Nikolai Knyzhov
Penalty Shots
Adam Erne, Nick Shore, Jason Robertson, Phil McRae, Patrik Laine
Custom OT Lines Forwards
Adam Erne, Nick Shore, Jason Robertson, Phil McRae, Patrik Laine, Kiefer Sherwood, Taro Hirose, C.J. Smith, Connor Hurley, Remi Elie
Custom OT Lines Defensemen
Brett Lernout, Zac Leslie, Alexandre Carrier, Philippe Myers, Alexander Alexeyev
Scratches
Cole Cassels (Healthy), Colin White (Healthy), Semyon Der-Arguchintsev (Healthy), Emil Djuse (Healthy), Gustav Olofsson (Healthy)
Jeremy Gregoire (Healthy), Jordan Subban (Healthy), Robin Salo (Healthy), Filip Johansson (Healthy), Kailer Yamamoto (Healthy)
Lucas Johansen (Healthy), Cole Fonstad (Healthy), Jack Perbix (Healthy)
% Time on Ice - Little Stars
Lines # - Real PCT - Wanted PCT - Time Play
Normal Forward
1 - 36% - 40% - 15:44
2 - 28% - 30% - 12:07
3 - 23% - 20% - 10:06
4 - 13% - 10% - 5:41
Normal Defense
1 - 42% - 40% - 18:17
2 - 29% - 30% - 12:46
3 - 25% - 20% - 11:07
4 - 3% - 10% - 1:28
PP Forward
1 - 53% - 60% - 3:39
2 - 47% - 40% - 3:12
PP Defense
1 - 53% - 60% - 3:38
2 - 47% - 40% - 3:13
PK Forward
1 - 68% - 60% - 6:26
2 - 32% - 40% - 3:05
PK Defense
1 - 65% - 60% - 6:14
2 - 35% - 40% - 3:17
PK3 Forward
1 - 0% - 60%
2 - 0% - 40%
PK3 Defense
1 - 0% - 60%
2 - 0% - 40%
44 Forward
1 - 0% - 60%
2 - 0% - 40%
44 Defense
1 - 0% - 60%
2 - 0% - 40%
Last Minute Offensive - 0:00
Last Minute Defensive - 0:00
Total
Forward - 60:00
Defense - 60:00
|
% Time on Ice - Condors
Lines # - Real PCT - Wanted PCT - Time Play
Normal Forward
1 - 36% - 40% - 15:43
2 - 29% - 30% - 12:50
3 - 19% - 20% - 8:23
4 - 15% - 10% - 6:42
Normal Defense
1 - 39% - 40% - 17:00
2 - 34% - 30% - 14:42
3 - 22% - 20% - 9:45
4 - 5% - 10% - 2:11
PP Forward
1 - 59% - 60% - 5:35
2 - 41% - 40% - 3:56
PP Defense
1 - 64% - 60% - 6:05
2 - 36% - 40% - 3:26
PK Forward
1 - 71% - 60% - 4:52
2 - 29% - 40% - 1:59
PK Defense
1 - 58% - 60% - 3:57
2 - 42% - 40% - 2:54
PK3 Forward
1 - 0% - 60%
2 - 0% - 40%
PK3 Defense
1 - 0% - 60%
2 - 0% - 40%
44 Forward
1 - 0% - 60%
2 - 0% - 40%
44 Defense
1 - 0% - 60%
2 - 0% - 40%
Last Minute Offensive - 0:00
Last Minute Defensive - 0:00
Total
Forward - 60:00
Defense - 60:00
|
Play-by-Play
1st period
0:01 of 1st period - Ilya Mikheyev wins face-off versus Nick Shore in neutral zone.
0:09 of 1st period - Collin Miller is hit by Adam Erne and loses puck.
0:14 of 1st period - Wrist shot by Nick Shore.
0:14 of 1st period - Stopped by Michael Houser without a rebound.
0:15 of 1st period - Jason Dickinson wins face-off versus Phil McRae in Little Stars zone.
0:46 of 1st period - Icing by Taro Hirose.
0:47 of 1st period - Connor Hurley wins face-off versus Filip Chytil in Condors zone.
1:30 of 1st period - Slapshot by Nick Shore.
1:30 of 1st period - Stopped by Michael Houser with a rebound.
1:44 of 1st period - Wrist shot by Jason Dickinson.
1:44 of 1st period - Shot Misses the Net.
1:46 of 1st period - Slapshot by Matt Luff.
1:46 of 1st period - Stopped by Garret Sparks with a rebound.
1:52 of 1st period - Snap shot by Shane Gersich.
1:52 of 1st period - Shot Misses the Net.
1:59 of 1st period - Icing by Zac Leslie.
2:00 of 1st period - Radel Fazleev wins face-off versus Jason Robertson in Condors zone.
2:01 of 1st period - Snap shot by Justin Auger.
2:01 of 1st period - Shot Misses the Net.
2:37 of 1st period - Snap shot by Daniel O'regan.
2:37 of 1st period - Shot Misses the Net.
2:51 of 1st period - Snap shot by Jason Dickinson.
2:51 of 1st period - Goal by Jason Dickinson - Little Stars : 1 - Condors : 0.
2:52 of 1st period - Daniel O'regan wins face-off versus Nick Shore in neutral zone.
2:59 of 1st period - Slapshot by Ilya Mikheyev.
2:59 of 1st period - Stopped by Garret Sparks with a rebound.
3:01 of 1st period - Wrist shot by Daniel O'regan.
3:01 of 1st period - Stopped by Garret Sparks without a rebound.
3:02 of 1st period - Daniel O'regan wins face-off versus Nick Shore in Condors zone.
3:23 of 1st period - Wrist shot by Ilya Mikheyev.
3:23 of 1st period - Stopped by Garret Sparks without a rebound.
3:24 of 1st period - Phil McRae wins face-off versus Shane Gersich in Condors zone.
3:33 of 1st period - Snap shot by Matt Luff.
3:33 of 1st period - Stopped by Garret Sparks without a rebound.
3:34 of 1st period - Jason Dickinson wins face-off versus Phil McRae in Condors zone.
4:01 of 1st period - Alexander Alexeyev is hit by Matt Luff and loses puck.
4:20 of 1st period - Slapshot by Shane Gersich.
4:20 of 1st period - Stopped by Garret Sparks without a rebound.
4:21 of 1st period - Nick Shore wins face-off versus Radel Fazleev in Condors zone.
4:42 of 1st period - Minor Penalty to Collin Miller for Roughing.
4:43 of 1st period - Nick Shore wins face-off versus Daniel O'regan in Little Stars zone.
4:48 of 1st period - Snap shot by Nick Shore.
4:48 of 1st period - Deflect By Patrik Laine.
4:48 of 1st period - Shot Blocked by Joakim Nygard.
4:48 of 1st period - Puck is out of play.
4:49 of 1st period - Nick Shore wins face-off versus Daniel O'regan in Little Stars zone.
4:58 of 1st period - Snap shot by Nick Shore.
4:58 of 1st period - Stopped by Michael Houser without a rebound.
4:59 of 1st period - Nick Shore wins face-off versus Daniel O'regan in Little Stars zone.
5:32 of 1st period - Slapshot by Kiefer Sherwood.
5:32 of 1st period - Shot Misses the Net.
6:19 of 1st period - Joakim Nygard is hit by Patrik Laine and loses puck.
6:42 of 1st period - Penalty to Collin Miller is over, Collin Miller is back on ice.
7:07 of 1st period - Wrist shot by Collin Miller.
7:07 of 1st period - Shot Misses the Net.
7:09 of 1st period - Snap shot by Wiley Sherman.
7:09 of 1st period - Shot Blocked by Nikolai Knyzhov.
7:20 of 1st period - Wrist shot by Emile Poirier.
7:20 of 1st period - Shot Blocked by Nikolai Knyzhov.
7:22 of 1st period - Wrist shot by Emile Poirier.
7:22 of 1st period - Stopped by Garret Sparks without a rebound.
7:23 of 1st period - Phil McRae wins face-off versus Jason Dickinson in Condors zone.
7:41 of 1st period - Minor Penalty to Kiefer Sherwood for Holding.
7:42 of 1st period - Nick Shore wins face-off versus Daniel O'regan in Condors zone.
8:08 of 1st period - Brett Lernout is hit by Matt Luff and loses puck.
8:35 of 1st period - Snap shot by Jason Robertson.
8:35 of 1st period - Shot Misses the Net.
8:37 of 1st period - Slapshot by Brett Lernout.
8:37 of 1st period - Shot Misses the Net.
8:39 of 1st period - Slapshot by Zac Leslie.
8:39 of 1st period - Shot Blocked by Joakim Nygard.
9:41 of 1st period - Penalty to Kiefer Sherwood is over, Kiefer Sherwood is back on ice.
10:10 of 1st period - Wrist shot by Taro Hirose.
10:10 of 1st period - Shot Misses the Net.
10:12 of 1st period - Slapshot by Philippe Myers.
10:12 of 1st period - Stopped by Michael Houser with a rebound.
10:14 of 1st period - Slapshot by Philippe Myers.
10:14 of 1st period - Shot Misses the Net.
10:16 of 1st period - Snap shot by Connor Hurley.
10:16 of 1st period - Stopped by Michael Houser with a rebound.
10:18 of 1st period - Slapshot by Philippe Myers.
10:18 of 1st period - Stopped by Michael Houser with a rebound.
10:24 of 1st period - Minor Penalty to Lawrence Pilut for Tripping.
10:25 of 1st period - Daniel O'regan wins face-off versus Phil McRae in Little Stars zone.
11:00 of 1st period - Wrist shot by Shane Gersich.
11:00 of 1st period - Goal by Shane Gersich - Little Stars : 2 - Condors : 0.
11:01 of 1st period - Daniel O'regan wins face-off versus Nick Shore in neutral zone.
11:04 of 1st period - Wrist shot by Daniel O'regan.
11:04 of 1st period - Goal by Daniel O'regan - Little Stars : 3 - Condors : 0.
11:05 of 1st period - Daniel O'regan wins face-off versus Nick Shore in neutral zone.
11:18 of 1st period - Snap shot by Patrik Laine.
11:18 of 1st period - Shot Misses the Net.
11:20 of 1st period - Slapshot by Brett Lernout.
11:20 of 1st period - Stopped by Michael Houser without a rebound.
11:21 of 1st period - Daniel O'regan wins face-off versus Patrik Laine in Little Stars zone.
11:34 of 1st period - Wrist shot by Daniel O'regan.
11:34 of 1st period - Stopped by Garret Sparks with a rebound.
11:52 of 1st period - Icing by Zac Leslie.
11:53 of 1st period - Daniel O'regan wins face-off versus Phil McRae in Condors zone.
12:24 of 1st period - Penalty to Lawrence Pilut is over, Lawrence Pilut is back on ice.
12:24 of 1st period - Snap shot by Kiefer Sherwood.
12:24 of 1st period - Shot Misses the Net.
12:26 of 1st period - Slapshot by Zac Leslie.
12:26 of 1st period - Deflect By Phil McRae.
12:26 of 1st period - Shot Misses the Net.
12:26 of 1st period - Puck is out of play.
12:27 of 1st period - Nick Shore wins face-off versus Daniel O'regan in Little Stars zone.
12:58 of 1st period - Wrist shot by Radel Fazleev.
12:58 of 1st period - Shot Misses the Net.
13:41 of 1st period - Slapshot by Adam Erne.
13:41 of 1st period - Stopped by Michael Houser with a rebound.
14:44 of 1st period - Snap shot by Radel Fazleev.
14:44 of 1st period - Goal by Radel Fazleev - Little Stars : 4 - Condors : 0.
14:44 of 1st period - Stuart Skinner enters game.
14:45 of 1st period - Daniel O'regan wins face-off versus Phil McRae in neutral zone.
14:47 of 1st period - Wiley Sherman is hit by Brett Lernout and loses puck.
15:00 of 1st period - Snap shot by Daniel O'regan.
15:00 of 1st period - Shot Blocked by Kiefer Sherwood.
15:06 of 1st period - Minor Penalty to Brett Lernout for Holding Stick.
15:07 of 1st period - Daniel O'regan wins face-off versus Phil McRae in Condors zone.
15:20 of 1st period - Snap shot by Ilya Mikheyev.
15:20 of 1st period - Stopped by Stuart Skinner with a rebound.
15:22 of 1st period - Snap shot by Daniel O'regan.
15:22 of 1st period - Shot Misses the Net.
15:55 of 1st period - Joakim Nygard is hit by Zac Leslie and loses puck.
16:26 of 1st period - Icing by Ilya Mikheyev.
16:27 of 1st period - Daniel O'regan wins face-off versus Phil McRae in Little Stars zone.
17:06 of 1st period - Penalty to Brett Lernout is over, Brett Lernout is back on ice.
17:15 of 1st period - Wrist shot by Jason Robertson.
17:15 of 1st period - Goal by Jason Robertson - Little Stars : 4 - Condors : 1.
17:16 of 1st period - Daniel O'regan wins face-off versus Jason Robertson in neutral zone.
17:26 of 1st period - Jason Robertson is hit by Collin Miller and loses puck.
17:48 of 1st period - Slapshot by Reece Willcox.
17:48 of 1st period - Shot Blocked by Nick Shore.
17:50 of 1st period - Wrist shot by Matt Luff.
17:50 of 1st period - Stopped by Stuart Skinner with a rebound.
18:02 of 1st period - Snap shot by Reece Willcox.
18:02 of 1st period - Shot Misses the Net.
18:04 of 1st period - Snap shot by Filip Chytil.
18:04 of 1st period - Shot Blocked by Brett Lernout.
18:06 of 1st period - Wrist shot by Lawrence Pilut.
18:06 of 1st period - Shot Misses the Net.
18:08 of 1st period - Snap shot by Lawrence Pilut.
18:08 of 1st period - Shot Misses the Net.
18:29 of 1st period - Snap shot by Ilya Mikheyev.
18:29 of 1st period - Shot Hit the Post.
18:31 of 1st period - Snap shot by Joakim Nygard.
18:31 of 1st period - Deflect By Daniel O'regan.
18:31 of 1st period - Shot Blocked by Zac Leslie.
18:31 of 1st period - Puck is out of play.
18:32 of 1st period - Jason Dickinson wins face-off versus Nick Shore in Condors zone.
18:37 of 1st period - Slapshot by Wiley Sherman.
18:37 of 1st period - Stopped by Stuart Skinner with a rebound.
18:39 of 1st period - Snap shot by Shane Gersich.
18:39 of 1st period - Shot Misses the Net.
18:41 of 1st period - Slapshot by Shane Gersich.
18:41 of 1st period - Shot Blocked by Adam Erne.
18:43 of 1st period - Slapshot by Shane Gersich.
18:43 of 1st period - Stopped by Stuart Skinner without a rebound.
18:44 of 1st period - Daniel O'regan wins face-off versus Phil McRae in Condors zone.
18:47 of 1st period - Wrist shot by Daniel O'regan.
18:47 of 1st period - Shot Misses the Net.
18:49 of 1st period - Snap shot by Ilya Mikheyev.
18:49 of 1st period - Stopped by Stuart Skinner without a rebound.
18:50 of 1st period - Joakim Nygard wins face-off versus Phil McRae in Condors zone.
19:19 of 1st period - Slapshot by Patrik Laine.
19:19 of 1st period - Stopped by Michael Houser without a rebound.
19:20 of 1st period - Daniel O'regan wins face-off versus Nick Shore in Little Stars zone.
19:35 of 1st period - Slapshot by Joakim Nygard.
19:35 of 1st period - Goal by Joakim Nygard - Little Stars : 5 - Condors : 1.
19:36 of 1st period - Phil McRae wins face-off versus Daniel O'regan in neutral zone.
Goals for this period are 5 for Little Stars vs 1 for Condors.
Shots for this period are 18 for Little Stars vs 10 for Condors.
2nd period
0:01 of 2nd period - Nick Shore wins face-off versus Daniel O'regan in neutral zone.
0:10 of 2nd period - Backhand shot by Patrik Laine.
0:10 of 2nd period - Stopped by Michael Houser with a rebound.
0:14 of 2nd period - Wrist shot by Adam Erne.
0:14 of 2nd period - Stopped by Michael Houser without a rebound.
0:15 of 2nd period - Phil McRae wins face-off versus Jason Dickinson in Little Stars zone.
0:20 of 2nd period - Snap shot by Phil McRae.
0:20 of 2nd period - Stopped by Michael Houser with a rebound.
0:45 of 2nd period - Wrist shot by Patrik Laine.
0:45 of 2nd period - Shot Misses the Net.
0:47 of 2nd period - Slapshot by Brett Lernout.
0:47 of 2nd period - Stopped by Michael Houser with a rebound.
0:51 of 2nd period - Wrist shot by Patrik Laine.
0:51 of 2nd period - Stopped by Michael Houser with a rebound.
0:53 of 2nd period - Snap shot by Nick Shore.
0:53 of 2nd period - Stopped by Michael Houser with a rebound.
1:30 of 2nd period - Wiley Sherman is hit by Ryan McLeod.
1:53 of 2nd period - Off-side.
1:54 of 2nd period - Jason Dickinson wins face-off versus Nick Shore in neutral zone.
1:56 of 2nd period - Off-side.
1:57 of 2nd period - Daniel O'regan wins face-off versus Nick Shore in neutral zone.
2:28 of 2nd period - Snap shot by Wiley Sherman.
2:28 of 2nd period - Stopped by Stuart Skinner without a rebound.
2:29 of 2nd period - Phil McRae wins face-off versus Daniel O'regan in Condors zone.
3:03 of 2nd period - Snap shot by Shane Gersich.
3:03 of 2nd period - Stopped by Stuart Skinner with a rebound.
3:19 of 2nd period - Wrist shot by Pontus Holmberg.
3:19 of 2nd period - Stopped by Michael Houser with a rebound.
3:21 of 2nd period - Slapshot by Connor Hurley.
3:21 of 2nd period - Stopped by Michael Houser with a rebound.
3:32 of 2nd period - Icing by Collin Miller.
3:33 of 2nd period - Ryan McLeod wins face-off versus Radel Fazleev in Little Stars zone.
3:34 of 2nd period - Slapshot by Zac Leslie.
3:34 of 2nd period - Stopped by Michael Houser without a rebound.
3:35 of 2nd period - Radel Fazleev wins face-off versus Ryan McLeod in Little Stars zone.
3:46 of 2nd period - Slapshot by Collin Miller.
3:46 of 2nd period - Shot Misses the Net.
3:59 of 2nd period - Brett Lernout is hit by Wiley Sherman and loses puck.
4:24 of 2nd period - Wrist shot by Justin Auger.
4:24 of 2nd period - Shot Blocked by Ryan McLeod.
5:06 of 2nd period - Snap shot by C.J. Smith.
5:06 of 2nd period - Stopped by Michael Houser with a rebound.
5:08 of 2nd period - Slapshot by Alexandre Carrier.
5:08 of 2nd period - Stopped by Michael Houser with a rebound.
5:10 of 2nd period - Slapshot by Alexandre Carrier.
5:10 of 2nd period - Stopped by Michael Houser without a rebound.
5:11 of 2nd period - Daniel O'regan wins face-off versus Nick Shore in Little Stars zone.
5:49 of 2nd period - Slapshot by Adam Erne.
5:49 of 2nd period - Shot Misses the Net.
5:51 of 2nd period - Slapshot by Zac Leslie.
5:51 of 2nd period - Stopped by Michael Houser without a rebound.
5:52 of 2nd period - Jason Dickinson wins face-off versus Phil McRae in Little Stars zone.
5:54 of 2nd period - Minor Penalty to Joey Anderson for Boarding.
5:55 of 2nd period - Nick Shore wins face-off versus Daniel O'regan in Little Stars zone.
6:58 of 2nd period - Snap shot by Jason Dickinson.
6:58 of 2nd period - Stopped by Stuart Skinner with a rebound.
7:54 of 2nd period - Penalty to Joey Anderson is over, Joey Anderson is back on ice.
8:08 of 2nd period - Off-side.
8:09 of 2nd period - Filip Chytil wins face-off versus Connor Hurley in neutral zone.
8:20 of 2nd period - Slapshot by Filip Chytil.
8:20 of 2nd period - Stopped by Stuart Skinner with a rebound.
8:34 of 2nd period - Lawrence Pilut is hit by Alexander Alexeyev and loses puck.
8:43 of 2nd period - Snap shot by Remi Elie.
8:43 of 2nd period - Shot Misses the Net.
8:45 of 2nd period - Snap shot by Remi Elie.
8:45 of 2nd period - Stopped by Michael Houser with a rebound.
8:55 of 2nd period - Snap shot by Shane Gersich.
8:55 of 2nd period - Stopped by Stuart Skinner with a rebound.
9:01 of 2nd period - Snap shot by Shane Gersich.
9:01 of 2nd period - Stopped by Stuart Skinner with a rebound.
9:03 of 2nd period - Wrist shot by Jason Dickinson.
9:03 of 2nd period - Stopped by Stuart Skinner with a rebound.
9:05 of 2nd period - Wrist shot by Jason Dickinson.
9:05 of 2nd period - Stopped by Stuart Skinner with a rebound.
9:07 of 2nd period - Snap shot by Jason Dickinson.
9:07 of 2nd period - Shot Misses the Net.
9:31 of 2nd period - Collin Miller is hit by Patrik Laine and loses puck.
10:02 of 2nd period - Joakim Nygard is hit by Brett Lernout and loses puck.
10:07 of 2nd period - Slapshot by Phil McRae.
10:07 of 2nd period - Stopped by Michael Houser with a rebound.
10:21 of 2nd period - Snap shot by Ryan McLeod.
10:21 of 2nd period - Stopped by Michael Houser without a rebound.
10:22 of 2nd period - Jason Dickinson wins face-off versus Nick Shore in Little Stars zone.
10:22 of 2nd period - Jason Dickinson is hit by Patrik Laine.
11:10 of 2nd period - Joey Anderson is hit by Brett Lernout and loses puck.
11:34 of 2nd period - Snap shot by Kiefer Sherwood.
11:34 of 2nd period - Deflect By Jason Dickinson.
11:34 of 2nd period - Shot Blocked by Matt Luff.
11:34 of 2nd period - Puck is out of play.
11:35 of 2nd period - Nick Shore wins face-off versus Daniel O'regan in Little Stars zone.
11:36 of 2nd period - Snap shot by Adam Erne.
11:36 of 2nd period - Goal by Adam Erne - Little Stars : 5 - Condors : 2.
11:37 of 2nd period - Patrik Laine wins face-off versus Daniel O'regan in neutral zone.
12:11 of 2nd period - Snap shot by Jason Robertson.
12:11 of 2nd period - Shot Misses the Net.
12:42 of 2nd period - Snap shot by Philippe Myers.
12:42 of 2nd period - Stopped by Michael Houser with a rebound.
12:50 of 2nd period - Wrist shot by Remi Elie.
12:50 of 2nd period - Stopped by Michael Houser without a rebound.
12:51 of 2nd period - Nick Shore wins face-off versus Jason Dickinson in Little Stars zone.
13:02 of 2nd period - Wrist shot by Nick Shore.
13:02 of 2nd period - Deflect By Adam Erne.
13:02 of 2nd period - Shot Misses the Net.
13:02 of 2nd period - Puck is out of play.
13:03 of 2nd period - Nick Shore wins face-off versus Daniel O'regan in Little Stars zone.
13:39 of 2nd period - Jason Robertson is hit by Shane Gersich.
13:43 of 2nd period - Shane Gersich is hit by Kiefer Sherwood and loses puck.
14:07 of 2nd period - Wrist shot by Shane Gersich.
14:07 of 2nd period - Shot Blocked by Nikolai Knyzhov.
14:09 of 2nd period - Wrist shot by Shane Gersich.
14:09 of 2nd period - Deflect By Taro Hirose.
14:09 of 2nd period - Shot Misses the Net.
14:09 of 2nd period - Puck is out of play.
14:10 of 2nd period - Daniel O'regan wins face-off versus Nick Shore in Condors zone.
14:11 of 2nd period - Snap shot by Joakim Nygard.
14:11 of 2nd period - Deflect By Daniel O'regan.
14:11 of 2nd period - Shot Hit the Post.
14:11 of 2nd period - Puck is out of play.
14:12 of 2nd period - Nick Shore wins face-off versus Daniel O'regan in Condors zone.
14:19 of 2nd period - Connor Mackey is hit by Adam Erne and loses puck.
14:48 of 2nd period - Snap shot by Phil McRae.
14:48 of 2nd period - Shot Misses the Net.
15:08 of 2nd period - Wrist shot by Pontus Holmberg.
15:08 of 2nd period - Stopped by Michael Houser without a rebound.
15:09 of 2nd period - Daniel O'regan wins face-off versus Nick Shore in Little Stars zone.
15:18 of 2nd period - Snap shot by Nick Shore.
15:18 of 2nd period - Deflect By Joakim Nygard.
15:18 of 2nd period - Shot Misses the Net.
15:18 of 2nd period - Puck is out of play.
15:19 of 2nd period - Nick Shore wins face-off versus Daniel O'regan in Little Stars zone.
15:28 of 2nd period - Wrist shot by Joakim Nygard.
15:28 of 2nd period - Shot Misses the Net.
16:41 of 2nd period - Wrist shot by Adam Erne.
16:41 of 2nd period - Stopped by Michael Houser with a rebound.
16:43 of 2nd period - Slapshot by Philippe Myers.
16:43 of 2nd period - Shot Blocked by Collin Miller.
16:45 of 2nd period - Wrist shot by Nick Shore.
16:45 of 2nd period - Shot Blocked by Collin Miller.
17:28 of 2nd period - Snap shot by Philippe Myers.
17:28 of 2nd period - Shot Blocked by Daniel O'regan.
17:40 of 2nd period - Wrist shot by Adam Erne.
17:40 of 2nd period - Deflect By Patrik Laine.
17:40 of 2nd period - Shot Misses the Net.
17:40 of 2nd period - Puck is out of play.
17:41 of 2nd period - Phil McRae wins face-off versus Jason Dickinson in Little Stars zone.
17:42 of 2nd period - Wrist shot by Zac Leslie.
17:42 of 2nd period - Shot Misses the Net.
18:08 of 2nd period - Connor Mackey is hit by Brett Lernout.
18:36 of 2nd period - Alexander Alexeyev is hit by Filip Chytil.
18:52 of 2nd period - Lawrence Pilut is hit by Alexander Alexeyev.
18:56 of 2nd period - Joey Anderson is hit by Remi Elie and loses puck.
19:07 of 2nd period - Lawrence Pilut is hit by Ryan McLeod and loses puck.
19:12 of 2nd period - Snap shot by Remi Elie.
19:12 of 2nd period - Shot Misses the Net.
19:14 of 2nd period - Snap shot by Remi Elie.
19:14 of 2nd period - Stopped by Michael Houser without a rebound.
19:15 of 2nd period - Jason Dickinson wins face-off versus Phil McRae in Little Stars zone.
19:26 of 2nd period - Snap shot by Matt Luff.
19:26 of 2nd period - Shot Blocked by Jason Robertson.
19:28 of 2nd period - Wrist shot by Shane Gersich.
19:28 of 2nd period - Stopped by Stuart Skinner without a rebound.
19:29 of 2nd period - Phil McRae wins face-off versus Matt Luff in Condors zone.
19:41 of 2nd period - Icing by Connor Mackey.
19:42 of 2nd period - Phil McRae wins face-off versus Jason Dickinson in Little Stars zone.
19:57 of 2nd period - Wrist shot by Phil McRae.
19:57 of 2nd period - Stopped by Michael Houser with a rebound.
Goals for this period are 0 for Little Stars vs 1 for Condors.
Shots for this period are 9 for Little Stars vs 23 for Condors.
3rd period
0:01 of 3rd period - Nick Shore wins face-off versus Daniel O'regan in neutral zone.
0:08 of 3rd period - Snap shot by Nick Shore.
0:08 of 3rd period - Shot Misses the Net.
0:26 of 3rd period - Jason Robertson is hit by Shane Gersich and loses puck.
0:52 of 3rd period - Connor Hurley is hit by Connor Mackey and loses puck.
0:57 of 3rd period - Snap shot by Justin Auger.
0:57 of 3rd period - Shot Misses the Net.
0:59 of 3rd period - Slapshot by Lawrence Pilut.
0:59 of 3rd period - Shot Misses the Net.
1:36 of 3rd period - Snap shot by Ilya Mikheyev.
1:36 of 3rd period - Shot Misses the Net.
1:38 of 3rd period - Snap shot by Joey Anderson.
1:38 of 3rd period - Shot Blocked by Nick Shore.
1:40 of 3rd period - Slapshot by Lawrence Pilut.
1:40 of 3rd period - Stopped by Stuart Skinner without a rebound.
1:41 of 3rd period - Phil McRae wins face-off versus Daniel O'regan in Condors zone.
1:44 of 3rd period - Snap shot by Ilya Mikheyev.
1:44 of 3rd period - Stopped by Stuart Skinner without a rebound.
1:45 of 3rd period - Phil McRae wins face-off versus Ilya Mikheyev in Condors zone.
2:06 of 3rd period - Minor Penalty to Ilya Mikheyev for Tripping.
2:07 of 3rd period - Daniel O'regan wins face-off versus Nick Shore in Little Stars zone.
2:58 of 3rd period - Snap shot by Adam Erne.
2:58 of 3rd period - Deflect By Nick Shore.
2:58 of 3rd period - Shot Misses the Net.
2:58 of 3rd period - Puck is out of play.
2:59 of 3rd period - Jason Dickinson wins face-off versus Nick Shore in Little Stars zone.
2:59 of 3rd period - Jason Dickinson is hit by Nick Shore.
3:53 of 3rd period - Snap shot by Adam Erne.
3:53 of 3rd period - Shot Blocked by Wiley Sherman.
3:55 of 3rd period - Wrist shot by Patrik Laine.
3:55 of 3rd period - Goal by Patrik Laine - Little Stars : 5 - Condors : 3.
3:56 of 3rd period - Phil McRae wins face-off versus Jason Dickinson in neutral zone.
4:46 of 3rd period - Zac Leslie is hit by Emile Poirier and loses puck.
5:41 of 3rd period - Reece Willcox is hit by Philippe Myers and loses puck.
5:50 of 3rd period - Wrist shot by Daniel O'regan.
5:50 of 3rd period - Deflect By Ilya Mikheyev.
5:50 of 3rd period - Stopped by Stuart Skinner without a rebound.
5:51 of 3rd period - Jason Dickinson wins face-off versus Nick Shore in Condors zone.
7:22 of 3rd period - Icing by Collin Miller.
7:23 of 3rd period - Daniel O'regan wins face-off versus Nick Shore in Little Stars zone.
7:34 of 3rd period - Wrist shot by Adam Erne.
7:34 of 3rd period - Stopped by Michael Houser with a rebound.
7:36 of 3rd period - Slapshot by Nick Shore.
7:36 of 3rd period - Shot Misses the Net.
7:52 of 3rd period - Zac Leslie is hit by Wiley Sherman and loses puck.
8:53 of 3rd period - Slapshot by Kiefer Sherwood.
8:53 of 3rd period - Deflect By Joakim Nygard.
8:53 of 3rd period - Stopped by Michael Houser with a rebound.
9:22 of 3rd period - Off-side.
9:23 of 3rd period - Nick Shore wins face-off versus Daniel O'regan in neutral zone.
9:32 of 3rd period - Wrist shot by Nick Shore.
9:32 of 3rd period - Goal by Nick Shore - Little Stars : 5 - Condors : 4.
9:33 of 3rd period - Patrik Laine wins face-off versus Daniel O'regan in neutral zone.
10:06 of 3rd period - Minor Penalty to Kiefer Sherwood for Holding.
10:07 of 3rd period - Nick Shore wins face-off versus Daniel O'regan in Condors zone.
10:20 of 3rd period - Snap shot by Nick Shore.
10:20 of 3rd period - Shot Misses the Net.
10:40 of 3rd period - Backhand shot by Shane Gersich.
10:40 of 3rd period - Stopped by Stuart Skinner without a rebound.
10:41 of 3rd period - Nick Shore wins face-off versus Daniel O'regan in Condors zone.
10:58 of 3rd period - Backhand shot by Jason Dickinson.
10:58 of 3rd period - Shot Misses the Net.
11:00 of 3rd period - Snap shot by Matt Luff.
11:00 of 3rd period - Goal by Matt Luff - Little Stars : 6 - Condors : 4.
11:01 of 3rd period - Phil McRae wins face-off versus Daniel O'regan in neutral zone.
11:27 of 3rd period - Nick Shore is hit by Jason Dickinson and loses puck.
12:56 of 3rd period - Wrist shot by Nick Shore.
12:56 of 3rd period - Stopped by Michael Houser with a rebound.
13:16 of 3rd period - Wrist shot by Justin Auger.
13:16 of 3rd period - Stopped by Stuart Skinner without a rebound.
13:17 of 3rd period - Connor Hurley wins face-off versus Daniel O'regan in Condors zone.
13:28 of 3rd period - Taro Hirose is hit by Joakim Nygard and loses puck.
13:39 of 3rd period - Minor Penalty to Filip Kral for Roughing.
13:40 of 3rd period - Nick Shore wins face-off versus Daniel O'regan in Condors zone.
14:11 of 3rd period - Adam Erne is hit by Connor Mackey and loses puck.
14:32 of 3rd period - Reece Willcox is hit by Zac Leslie and loses puck.
15:37 of 3rd period - Joakim Nygard is hit by Jason Robertson and loses puck.
15:39 of 3rd period - Penalty to Filip Kral is over, Filip Kral is back on ice.
15:51 of 3rd period - Icing by Phil McRae.
15:52 of 3rd period - Radel Fazleev wins face-off versus Connor Hurley in Condors zone.
15:53 of 3rd period - Wrist shot by Justin Auger.
15:53 of 3rd period - Shot Misses the Net.
15:55 of 3rd period - Slapshot by Joey Anderson.
15:55 of 3rd period - Stopped by Stuart Skinner without a rebound.
15:56 of 3rd period - Taro Hirose wins face-off versus Radel Fazleev in Condors zone.
17:10 of 3rd period - Wrist shot by Shane Gersich.
17:10 of 3rd period - Shot Misses the Net.
17:18 of 3rd period - Snap shot by Shane Gersich.
17:18 of 3rd period - Shot Misses the Net.
17:20 of 3rd period - Wrist shot by Matt Luff.
17:20 of 3rd period - Stopped by Stuart Skinner with a rebound.
17:22 of 3rd period - Slapshot by Jason Dickinson.
17:22 of 3rd period - Deflect By Phil McRae.
17:22 of 3rd period - Goal by Jason Dickinson - Little Stars : 7 - Condors : 4.
17:23 of 3rd period - Nick Shore wins face-off versus Daniel O'regan in neutral zone.
17:25 of 3rd period - Alexandre Carrier is hit by Wiley Sherman and loses puck.
17:50 of 3rd period - Alexandre Carrier is hit by Emile Poirier and loses puck.
17:57 of 3rd period - Wrist shot by Emile Poirier.
17:57 of 3rd period - Stopped by Stuart Skinner with a rebound.
17:59 of 3rd period - Slapshot by Reece Willcox.
17:59 of 3rd period - Stopped by Stuart Skinner with a rebound.
18:01 of 3rd period - Snap shot by Justin Auger.
18:01 of 3rd period - Deflect By Emile Poirier.
18:01 of 3rd period - Stopped by Stuart Skinner with a rebound.
18:11 of 3rd period - Slapshot by Alexandre Carrier.
18:11 of 3rd period - Stopped by Michael Houser without a rebound.
18:12 of 3rd period - Filip Chytil wins face-off versus Taro Hirose in Little Stars zone.
18:14 of 3rd period - Minor Penalty to Jonathan Dahlen for Goalie Interference.
18:15 of 3rd period - Patrik Laine wins face-off versus Daniel O'regan in Little Stars zone.
Goals for this period are 2 for Little Stars vs 2 for Condors.
Shots for this period are 12 for Little Stars vs 6 for Condors.